Map: Pillars of Gold LE

Players

HeroMarine - Winner!

  • Race: Terran Terran
  • Spawn Location: 1:00

Nice

  • Race: Protoss Protoss
  • Spawn Location: 7:00

Event: DreamHack SC2 Masters 2020 Winter

VOD

Have the link to the VOD?

Description

Time

  • Played on: Nov. 13, 2020, 11:07 a.m.
  • Length: 13:15

All games in this series

Show
View Real Time Build Order
Export as new Build Order

HeroMarine Terran - Winner!

Build Orders: Reaper Expand 

Get SALT Encoding   

  12  0:00  SCV  
  13  0:12  SCV  
  14  0:18  Supply Depot  
  14  0:24  SCV  
  15  0:39  SCV  
  15  0:41  Barracks  
  16  0:45  Refinery  
  16  0:51  SCV  
  17  1:04  SCV  
  18  1:16  SCV  
  19  1:34  Orbital Command, Reaper  
  20  1:49  Command Center  
  20  2:00  Supply Depot, SCV  
  21  2:06  Marine  
  22  2:13  SCV  
  23  2:16  Bunker  
  23  2:24  Factory  
  23  2:27  SCV  
  24  2:30  Barracks Reactor  
  24  2:40  SCV  
  25  2:46  Refinery  
  25  2:52  SCV  
  26  3:02  Orbital Command  
  26  3:04  SCV  
  27  3:07  Marine x2  
  27  3:08  Hellion  
  31  3:13  Starport  
  31  3:16  SCV  
  32  3:27  Marine x2  
  32  3:28  SCV x2  
  32  3:30  Widow Mine  
  37  3:37  Supply Depot  
  37  3:40  SCV x2  
  39  3:45  Marine x2  
  41  3:50  Medivac  
  41  3:52  Widow Mine, SCV  
  46  3:57  Supply Depot  
  46  3:58  SCV  
  47  4:05  SCV  
  50  4:10  SCV  
  50  4:13  Marine x2  
  50  4:17  SCV, Barracks  
  50  4:20  Factory Tech Lab  
  50  4:21  Viking  
  50  4:22  SCV  
  53  4:29  SCV  
  54  4:32  Command Center  
  54  4:34  Marine x2  
  57  4:39  Supply Depot  
  57  4:40  SCV  
  57  4:44  Siege Tank  
  60  4:46  SCV  
  60  4:52  SCV  
  62  4:58  Barracks  
  62  5:00  Viking  
  62  5:01  SCV  
  62  5:04  SCV  
  62  5:07  Marine x2  
  65  5:09  Barracks  
  65  5:13  SCV  
  68  5:16  SCV  
  69  5:25  SCV  
  70  5:28  Refinery  
  70  5:29  Refinery, Engineering Bay  
  70  5:32  Starport Tech Lab  
  70  5:35  SCV  
  70  5:43  Siege Tank, SCV  
  70  5:44  Orbital Command  
  70  5:45  Barracks  
  70  5:46  Marine x2  
  70  5:47  SCV  
  70  5:49  Barracks  
  77  5:55  SCV, Terran Infantry Weapons Level 1  
  78  5:59  SCV, Starport Reactor  
  78  6:00  Marauder, Stimpack  
  78  6:04  Marine x2  
  81  6:07  SCV  
  81  6:08  Barracks Tech Lab, Missile Turret  
  83  6:11  SCV  
  83  6:17  Missile Turret  
  84  6:20  Siege Tank, Supply Depot  
  87  6:25  SCV x2  
  87  6:27  Marine x2  
  87  6:28  Combat Shield  
  87  6:32  Marauder, Orbital Command  
  92  6:38  Barracks Tech Lab, Supply Depot, Barracks Reactor  
  92  6:40  SCV  
  92  6:42  SCV, Marauder  
  95  6:52  SCV  
  95  6:53  Marauder  
  98  6:54  SCV  
  98  7:00  Siege Tank  
  102  7:04  Marauder, Missile Turret  
  102  7:05  Supply Depot x2  
  102  7:06  SCV x2  
  102  7:08  SCV  
  106  7:10  Concussive Shells  
  106  7:12  Medivac  
  108  7:18  SCV, Supply Depot  
  109  7:23  Supply Depot  
  109  7:26  Marauder, Medivac, SCV x2  
  109  7:28  Marauder  
  109  7:29  Missile Turret, Marauder  
  118  7:33  Marine x3  
  118  7:36  SCV  
  122  7:38  SCV  
  122  7:39  Bunker, Supply Depot  
  125  7:47  SCV  
  125  7:48  SCV, Refinery  
  125  7:49  Terran Infantry Armor Level 1  
  125  7:50  SCV  
  128  7:52  Refinery  
  128  7:58  Marauder x2  
  134  7:59  SCV, Marauder  
  134  8:01  SCV, Viking x2  
  134  8:02  SCV  
  138  8:06  Ghost Academy  
  138  8:10  Marine x4  
  138  8:11  Supply Depot  
  142  8:19  SCV x3  
  145  8:21  Bunker  
  145  8:22  Supply Depot  
  148  8:32  Viking x2  
  153  8:35  Ghost x2  
  153  8:36  Marine x2, Ghost  
  153  8:39  Enhanced Shockwaves  
  153  8:41  Marine  
  156  8:43  Marine  
  157  8:55  Command Center  
  157  9:01  Marine x4  
  77  9:02  Viking x2  
  165  9:13  Supply Depot  
  165  9:14  Supply Depot  
  165  9:20  Supply Depot  
  165  9:25  Marine  
  165  9:26  Marauder x2, Marine x3  
  173  9:32  Armory, Marine  
  173  9:33  Engineering Bay  
  173  9:44  Marauder  
  169  9:47  Marauder x2, Marine x2  
  169  9:50  Marine x2  
  154  10:05  Marine x2, Marauder  
  148  10:07  Marine  
  148  10:08  SCV x3  
  148  10:09  Marauder x2  
  148  10:12  Medivac, Reaper  
  148  10:13  Starport, Medivac  
  157  10:19  Barracks x2  
  157  10:20  Factory Reactor  
  157  10:21  Barracks  
  157  10:22  Terran Infantry Weapons Level 2  
  157  10:23  Terran Infantry Armor Level 2  
  157  10:26  Ghost, Terran Ship Weapons Level 1  
  157  10:28  Marine x2  
  159  10:29  Ghost  
  163  10:38  SCV x3  
  163  10:41  Planetary Fortress  
  166  10:42  Medivac  
  166  10:43  Medivac  
  166  10:48  Marine  
  166  10:49  Marine x3  
  173  10:50  SCV x3  
  173  10:56  Marauder x2  
  179  10:58  Missile Turret  
  179  11:02  SCV x2  
  179  11:03  SCV  
  181  11:08  Sensor Tower  
  181  11:09  Barracks Tech Lab, Barracks Reactor  
  181  11:10  Ghost x2  
  185  11:14  Refinery  
  185  11:17  Marine x4, Refinery  
  189  11:19  Viking  
  189  11:21  Viking  
  193  11:32  Ghost x2  
  192  11:33  Marine  
  192  11:35  Marine x2  
  192  11:36  Marine  
  192  11:37  Marine  
  199  11:42  Marauder  
  199  11:44  Marauder  
  198  11:47  Marine x2  
  198  11:50  Sensor Tower  
  193  11:54  Marauder  
  193  11:56  SCV x3  
  187  12:06  Marauder  
  187  12:08  SCV x3, Marine x3  
  189  12:11  Marauder  
  189  12:14  Marauder x2  
  199  12:20  SCV, Command Center  
  195  12:42  Command Center  
Show
View Real Time Build Order
Export as new Build Order

Nice Protoss 

Build Orders: 1 Gate Expand, Phoenix Opening 

Get SALT Encoding   

  12  0:00  Probe  
  13  0:12  Probe  
  14  0:21  Pylon  
  14  0:24  Probe  
  15  0:40  Gateway, Probe (Chrono Boost)  
  16  0:47  Probe (Chrono Boost)  
  17  0:50  Assimilator  
  17  0:55  Probe  
  18  1:07  Probe  
  19  1:19  Probe  
  20  1:27  Cybernetics Core  
  20  1:41  Nexus  
  20  1:48  Pylon  
  20  1:54  Assimilator  
  20  1:55  Probe  
  20  2:01  Adept (Chrono Boost)  
  23  2:08  Shield Battery  
  23  2:11  Probe  
  24  2:21  Adept (Chrono Boost)  
  24  2:23  Probe  
  27  2:34  Warp Gate  
  27  2:35  Probe  
  28  2:41  Stargate  
  28  2:48  Probe (Chrono Boost)  
  28  2:50  Adept  
  31  2:54  Probe (Chrono Boost)  
  32  3:05  Probe x2 (Chrono Boost)  
  34  3:10  Probe (Chrono Boost)  
  34  3:12  Probe (Chrono Boost)  
  36  3:20  Probe  
  36  3:24  Phoenix (Chrono Boost), Probe  
  39  3:32  Probe  
  40  3:36  Probe  
  40  3:40  Phoenix  
  41  3:44  Robotics Facility, Probe  
  41  3:48  Probe  
  45  3:54  Pylon  
  45  3:56  Pylon, Probe  
  46  4:12  Phoenix (Chrono Boost), Probe x2  
  46  4:14  Assimilator  
  50  4:19  Assimilator  
  50  4:21  Pylon  
  50  4:24  Probe x2  
  50  4:28  Phoenix (Chrono Boost)  
  54  4:32  Observer  
  54  4:36  Probe x2  
  57  4:48  Probe  
  57  4:49  Probe  
  57  4:52  Pylon  
  59  4:53  Pylon  
  59  4:58  Robotics Bay  
  59  5:06  Phoenix  
  59  5:10  Probe  
  59  5:11  Observer  
  59  5:13  Gateway  
  60  5:15  Gateway, Observer  
  60  5:17  Probe  
  62  5:26  Nexus  
  62  5:27  Observer  
  62  5:28  Probe  
  62  5:29  Probe  
  64  5:37  Immortal (Chrono Boost)  
  64  5:41  Probe  
  69  5:44  Forge  
  69  5:50  Twilight Council, Extended Thermal Lance (Chrono Boost)  
  69  5:54  Probe  
  69  5:55  Probe  
  71  6:06  Pylon, Probe  
  71  6:07  Probe  
  71  6:09  Protoss Ground Weapons Level 1 (Chrono Boost)  
  73  6:12  Colossus, Observer  
  80  6:18  Probe  
  80  6:24  Charge (Chrono Boost)  
  78  6:30  Gateway  
  78  6:32  Probe  
  79  6:33  Gateway  
  79  6:35  Probe  
  79  6:38  Probe  
  81  6:44  Probe  
  83  6:47  Probe  
  83  6:50  Probe  
  83  6:51  Templar Archives  
  84  6:55  Gateway  
  84  6:56  Probe  
  84  6:57  Gateway  
  84  6:59  Gateway  
  85  7:06  Colossus (Chrono Boost)  
  88  7:13  Probe x2  
  88  7:14  Probe  
  88  7:15  Assimilator x2  
  94  7:23  Pylon  
  94  7:25  Pylon, Probe x2  
  94  7:26  Probe  
  97  7:37  Pylon, Probe  
  98  7:45  Colossus (Chrono Boost)  
  98  7:47  Pylon  
  98  7:48  Blink (Chrono Boost)  
  98  7:49  Nexus  
  104  7:51  Pylon, Zealot x2  
  104  7:56  Probe x2  
  104  7:57  Probe  
  110  8:07  Sentry x2  
  110  8:08  Probe  
  110  8:09  Probe  
  110  8:10  Robotics Facility  
  110  8:12  Pylon, Probe  
  117  8:20  Probe  
  117  8:21  Probe  
  117  8:26  Protoss Ground Armor Level 1, Probe  
  117  8:28  Gravitic Drive, Immortal (Chrono Boost)  
  117  8:33  Probe x2  
  123  8:41  Observer  
  123  8:43  High Templar x2, Zealot  
  123  8:44  Zealot x4  
  123  8:45  Probe x2  
  123  8:47  Pylon, Probe  
  123  8:48  Archon  
  142  9:04  Warp Prism (Chrono Boost)  
  142  9:05  High Templar x2  
  142  9:08  Shield Battery  
  144  9:11  Archon  
  144  9:12  High Templar x2, Zealot x2  
  152  9:17  Archon, Zealot x2  
  152  9:22  Gateway  
  156  9:27  Pylon  
  156  9:29  Pylon  
  156  9:33  Immortal (Chrono Boost)  
  148  9:39  Zealot x3  
  148  9:40  Zealot x3  
  148  9:45  Zealot x2  
  120  10:02  Zealot x4  
  120  10:03  Zealot x2  
  116  10:08  Zealot x2  
  116  10:10  Immortal x2 (Chrono Boost)  
  128  10:16  Gateway  
  128  10:18  High Templar  
  130  10:23  High Templar x3  
  130  10:24  Nexus  
  130  10:25  Zealot x3  
  130  10:26  Pylon  
  142  10:29  Archon x2  
  142  10:37  Protoss Ground Weapons Level 2 (Chrono Boost)  
  142  10:39  Warp Prism (Chrono Boost)  
  142  10:40  Observer (Chrono Boost)  
  142  10:42  Forge  
  145  10:46  High Templar x2  
  145  10:47  Zealot x3  
  155  10:52  Archon  
  151  11:08  Colossus (Chrono Boost)  
  151  11:09  Zealot x3  
  151  11:10  Zealot x5  
  179  11:11  Colossus (Chrono Boost)  
  179  11:14  Pylon  
  179  11:24  Pylon  
  179  11:35  Zealot x4  
  179  11:36  Zealot x4  
  179  11:37  Zealot x2  
  191  11:59  Zealot x10  
  195  12:03  Colossus x2 (Chrono Boost)  
  189  12:21  Stalker x3  
  189  12:22  Stalker x2  
  185  12:38  Zealot x5  
  195  12:45  Zealot x2  
  195  12:48  Observer (Chrono Boost)  
  200  12:57  Zealot x3  
  161  12:58  Zealot x2  
  161  12:59  Zealot x3  
  121  13:06  Zealot x2  
Tags
 
Add a new tag
Caveats
  • Supply blocks, unpowered buildings, or Contaminate may cause inaccurate times.
  • Supply counts are checked every 10 seconds.